 Dungeon Crawl Stone Soup version 0.19.5 (webtiles) character file.

73 Freeplumber the Cudgeler (level 4, -2/40 HPs)
             Began as a Hill Orc Chaos Knight on Apr 15, 2017.
             Slain by an orc
             ... wielding a +2 flail of protection
              (8 damage)
             ... on level 4 of the Dungeon.
             The game lasted 00:11:26 (844 turns).

Freeplumber the Cudgeler (Hill Orc Chaos Knight)     Turns: 844, Time: 00:11:27

Health: -2/40      AC:  6    Str: 19    XL:     4   Next: 27%
Magic:  4/4        EV: 10    Int: 12    God:    Xom [.*....]
Gold:   93         SH:  0    Dex: 11    Spells: 0 memorised, 3 levels left

rFire  . . .     SeeInvis .     a - +0 mace (chaos)
rCold  . . .     Gourm    .     g - +0 scale mail
rNeg   . . .     Faith    .     (no shield)
rPois  .         Spirit   .     (no helmet)
rElec  .         Reflect  .     (no cloak)
rCorr  .         Harm     .     (no gloves)
MR     .....                    (no boots)
Stlth  ..........               (no amulet)
                                (no ring)
                                (no ring)

@: mighty
A: no striking features
a: Renounce Religion


You were on level 4 of the Dungeon.
You worshipped Xom.
You were a plaything of Xom.
You were not hungry.

You visited 1 branch of the dungeon, and saw 4 of its levels.

You collected 93 gold pieces.

Inventory:

Hand Weapons
 a - a +0 mace of chaos (weapon)
 d - a +0 short sword
Armour
 b - a +3 leather armour
 g - a +0 scale mail (worn)
Scrolls
 h - a scroll of amnesia
Potions
 f - a potion of degeneration
Comestibles
 c - 2 bread rations


   Skills:
 + Level 4.2 Fighting
 + Level 4.3 Maces & Flails
 + Level 2.5 Armour
 + Level 1.5 Dodging
 + Level 0.1 Stealth


You had 3 spell levels left.
You didn't know any spells.

Dungeon Overview and Level Annotations

Branches:
Dungeon (4/15)
 Temple: D:4-7

Altars:

Annotations:
D:3 Crazy Yiuf


Message History

The orc hits you with a flail. The ogre barely misses you.
The orc hits you but does no damage.
You barely miss the ogre.
The ogre is heavily wounded.
The ogre barely misses you. The orc hits you with a flail!
You barely miss the ogre.
The ogre is moderately wounded.
The ogre hits you with a giant club!
* * * LOW HITPOINT WARNING * * *
Okay, then.
Okay, then.
The orc barely misses you.
You hit the ogre.
The ogre is poisoned.
The ogre is heavily wounded.
The ogre closely misses you. The orc hits you with a flail.
* * * LOW HITPOINT WARNING * * *
You bludgeon the orc!!
You kill the orc!
The orc hits you with a flail of protection!
You die...

####.........#
#.......)....#
#.............
#.......####..
#.......# #..
#####.......# #..
#......=....# #..
#.O....###>.......
#@)....# #######..
#.o....# #..
#......# ###
######## . #. ...
#. .....#.
......#. .....#.


You could see an ogre and an orc.

Vanquished Creatures
  2 oozes
  A worm (D:2)
  3 dart slugs
  A leopard gecko (D:1)
  2 orcs (D:4)
  A ball python (shapeshifter) (D:2)
  5 bats
  A giant cockroach (D:3)
  8 goblins
  4 hobgoblins
  4 jackals (D:1)
  5 kobolds
  A quokka (D:3)
  3 ball pythons
  2 frilled lizards (D:2)
  8 rats
51 creatures vanquished.

Notes
Turn   | Place    | Note
-------+----------+-------------------------------------------
     0 | D:1      | Freeplumber the Hill Orc Chaos Knight began the quest for the Orb.
     0 | D:1      | Reached XP level 1. HP: 19/19 MP: 1/1
    27 | D:1      | Reached XP level 2. HP: 25/27 MP: 2/2
    58 | D:1      | XOM: divination: detect creatures
   111 | D:1      | Reached skill level 1 in Dodging
   111 | D:1      | XOM: harmless Air miscast
   158 | D:1      | Reached XP level 3. HP: 26/33 MP: 3/3
   247 | D:2      | XOM: harmless Pois miscast
   292 | D:2      | XOM: medium Tloc miscast
   293 | D:2      | Noticed a spatial vortex
   293 | D:2      | Noticed a spatial vortex
   295 | D:2      | XOM: smoke on damage
   299 | D:2      | XOM: butterfly on damage
   339 | D:2      | XOM: noise
   518 | D:3      | Reached XP level 4. HP: 21/40 MP: 4/4
   543 | D:3      | Found a runed door.
   547 | D:3      | Noticed Crazy Yiuf
   549 | D:3      | XOM: noise
   730 | D:3      | XOM: mild Air miscast
   826 | D:4      | Noticed an ogre
   826 | D:4      | XOM: destruction
   844 | D:4      | Slain by an orc

Skill      XL: |  1  2  3 |
---------------+----------+-----
Dodging        | 1 |  1.5
Fighting       | 4 |  4.2
Maces & Flails | 4 |  4.3
Armour         | |  2.5
Stealth        | |  0.1

Action                   |  1- 3 |  4- 6 || total
-------------------------+-------+-------++-------
Melee: Mace              |   125 |    40 ||   165
  Use: Scroll            |     3 |     4 ||     7
       Potion            |     1 |     1 ||     2
Armor: Leather armour    |    29 |       ||    29
       Scale mail        |    25 |    19 ||    44
Dodge: Dodged            |    88 |    27 ||   115
